 Dungeon Crawl Stone Soup version 0.19.5 (webtiles) character file.

10737 galech the Cleaver (level 11, -8/97 HPs)
             Began as a Deep Dwarf Fighter on Mar 15, 2017.
             Was an Elder of Makhleb.
             Splashed by an oklob plant's acid (15 damage)
             ... on level 9 of the Dungeon.
             The game lasted 00:22:09 (7267 turns).

galech the Cleaver (Deep Dwarf Fighter)             Turns: 7267, Time: 00:22:10

Health: -8/97      AC:  2    Str: 26    XL:     11   Next: 40%
Magic:  7/7        EV: 12    Int:  8    God:    Makhleb [****..]
Gold:   479        SH: 14    Dex: 12    Spells: 0 memorised, 10 levels left

rFire  . . .     SeeInvis .     a - +0 war axe
rCold  + . .     Gourm    .     M - +4 scale mail of the Lute {Str+2}
rNeg   . . .     Faith    .     c - +0 shield
rPois  .         Spirit   .     L - +0 helmet
rElec  .         Reflect  +     O - +0 cloak
rCorr  .         Harm     .     D - +0 pair of gloves
MR     +....                    j - +1 pair of boots
Stlth  ..........               v - +2 amulet of reflection
                                g - ring of flight
                                s - ring of protection from cold

@: corroded, non-regenerating, drained
A: damage resistance, recharge devices, sense surroundings 2, slow regeneration
3
a: Device Recharging, Minor Destruction, Lesser Servant of Makhleb, Major
Destruction, Renounce Religion, Evoke Flight


You were on level 9 of the Dungeon.
You worshipped Makhleb.
Makhleb was greatly pleased with you.
You were not hungry.

You visited 1 branch of the dungeon, and saw 9 of its levels.
You also visited: Ossuary.

You collected 479 gold pieces.

Inventory:

Hand Weapons
 a - a +0 war axe (weapon)
Armour
 c - a +0 shield (worn)
 j - a +1 pair of boots (worn)
 D - a +0 pair of gloves (worn)
 L - a +0 helmet (worn)
 M - the +4 scale mail of the Lute (worn) {Str+2}
   (You found it on level 7 of the Dungeon)

   It affects your strength (+2).
 O - a +0 cloak (worn)
Jewellery
 g - a ring of flight (right hand)
 s - a ring of protection from cold (left hand)
 v - a +2 amulet of reflection (around neck)
 y - a +4 ring of intelligence
 P - an uncursed amulet of rage
Wands
 e - a wand of heal wounds (3/9)
Scrolls
 h - 2 scrolls of random uselessness {unknown}
 l - a scroll of fear {unknown}
 p - 4 scrolls of remove curse
 t - 2 scrolls of blinking
 x - 2 scrolls of silence {unknown}
 z - a scroll of immolation
 C - 2 scrolls of amnesia
 H - a scroll of magic mapping
 I - 2 scrolls of enchant weapon
 J - a scroll of fog {unknown}
Potions
 d - a potion of flight {unknown}
 n - a potion of degeneration {unknown}
 o - a potion of haste {unknown}
 q - a potion of brilliance {unknown}
 r - a potion of invisibility {unknown}
 u - 2 potions of ambrosia {unknown}
 w - 2 potions of lignification {unknown}
 A - a potion of resistance {unknown}
 B - 4 potions of heal wounds
 E - a potion of might
 G - 3 potions of curing {unknown}
Books
 K - a book of Minor Magic

   Spells                             Type                      Level
   a - Magic Dart                     Conjuration                  1
   b - Blink                          Translocation                2
   c - Call Imp                       Summoning                    2
   d - Repel Missiles                 Charms/Air                   2
   e - Slow                           Hexes                        2
   f - Conjure Flame                  Conjuration/Fire             3
   g - Mephitic Cloud                 Conjuration/Poison/Air       3
 N - a book of Battle

   Spells                             Type                      Level
   a - Infusion                       Charms                       1
   b - Shroud of Golubria             Charms/Translocation         2
   c - Song of Slaying                Charms                       2
   d - Spectral Weapon                Hexes/Charms                 3
   e - Regeneration                   Charms/Necromancy            3
 Q - a book of Beasts

   Spells                             Type                      Level
   a - Summon Butterflies             Summoning                    1
   b - Call Canine Familiar           Summoning                    3
   c - Summon Ice Beast               Ice/Summoning                4
   d - Summon Mana Viper              Hexes/Summoning              5
   e - Summon Hydra                   Summoning                    7
Comestibles
 b - 5 chunks of flesh
 f - 5 bread rations
 i - 8 royal jellies
 k - 5 meat rations
 m - 2 beef jerkies
 F - a slice of pizza


   Skills:
 + Level 6.2(5.6) Fighting
 + Level 12.2(11.6) Axes
 + Level 7.9(7.3) Armour
 + Level 5.6(5.1) Dodging
 + Level 1.8(1.3) Stealth
 + Level 10.7(10.1) Shields
 + Level 2.0(1.5) Evocations


You had 10 spell levels left.
You didn't know any spells.

Dungeon Overview and Level Annotations

Branches:
Dungeon (9/15)             Temple (0/1) D:6            Lair (0/6) D:8
    Orc: D:9-12

Altars:
Cheibriados
Dithmenos
Elyvilon
Fedhas
Gozag
Makhleb
Nemelex Xobeh
Okawaru
Vehumet
Xom
Zin

Shops:
D:5 !   D:7 }(((   D:8 *   D:9 *

Annotations:
D:4 1 runed door
D:9 exclusion: 2 oklob plants


Innate Abilities, Weirdness & Mutations

You are resistant to damage.
You can recharge devices by infusing magical energy.
You passively map the area around you.
You do not regenerate.


Message History

You hit the oklob plant.
The oklob plant is heavily damaged.
You hit the oklob plant but do no damage.
The oklob plant is heavily damaged.
The oklob plant spits acid at you. The splash of acid misses you.
The splash of acid hits the oklob plant.
The oklob plant completely resists.
You hit the oklob plant but do no damage.
The oklob plant is heavily damaged.
The oklob plant spits acid at you. The splash of acid hits you!
* * * LOW HITPOINT WARNING * * *
You are splashed with acid!
The acid burns!
* * * LOW HITPOINT WARNING * * *
The oklob plant spits acid at you. The splash of acid hits you!
* * * LOW HITPOINT WARNING * * *
You are splashed with acid!
The acid burns!
You die...

.........†........#
#....###
##########.#####.##
#.#..... #.#####.#
#.###### #.......# #
### ###♣♣♣♣♣♣ ,,....
♣♣♣♣♣ ,, ,*, ####
♣♣%$P♣ ♣## , * *
♣%_%♣♣ ♣.# ,, ♣$%.@♣
♣.# #.......#
♣P♣♣.♣♣♣.# #.......#
♣♣*♣♣.♣♣.# #.......#
♣♣♣♣.♣.♣.# #.......#
♣.♣.♣.♣♣.## #.......#
♣.♣♣♣♣♣..###.......#
♣.♣..♣♣♣...##.......#
♣♣♣♣♣.♣....##.......#
#........##.#####.#


You could see an oklob plant.

Vanquished Creatures
  A centaur warrior (D:8)
  Erica (D:9)
  The ghost of Paps the Carver, a novice DsFi of Okawaru (D:9)
  A hill giant (D:8)
  Joseph (D:9)
  The ghost of Lizzreth the Skirmisher, a novice GrSk of Okawaru (D:7)
  A queen bee (D:8)
  A hornet (D:7)
  Prince Ribbit (D:9)
  2 hippogriffs
  A two-headed ogre (D:8)
  The ghost of Britaniac the Cudgeler, an amateur GrFi (Ossuary)
  6 yaks (D:9)
  The ghost of Agrougrou the Cudgeler, an amateur OgGl (D:4)
  A wyvern (D:8)
  Eustachio (D:4)
  A hungry ghost (D:7)
  A mottled dragon (D:8)
  A black bear (D:9)
  An orc warrior (D:7)
  5 ice beasts
  4 ogres
  A phantom (D:6)
  A necrophage (D:8)
  3 centaurs
  A crocodile (D:9)
  10 bullfrogs
  A gnoll sergeant (D:8)
  3 scorpions
  27 killer bees
  3 wights (D:6)
  A howler monkey (D:6)
  2 crimson imps
  A bullfrog zombie (D:6)
  3 quasits
  3 human zombies (Ossuary)
  3 orc priests
  3 orc wizards
  4 hounds
  A bullfrog skeleton (D:8)
  6 worker ants
  5 iguanas
  2 mummies (Ossuary)
  2 hound zombies
  2 hound skeletons
  A worker ant zombie (D:7)
  14 adders
  3 gnolls (D:8)
  3 shadow imps
  2 adder zombies (Ossuary)
  An adder skeleton (D:6)
  4 worms
  4 leopard geckos
  22 orcs
  4 ball pythons
  5 giant cockroaches
  10 goblins
  9 hobgoblins
  21 jackals
  6 kobolds
  3 quokkas
  14 bats
  6 frilled lizards
  A giant cockroach zombie (D:5)
  2 goblin zombies (Ossuary)
  7 hobgoblin zombies (Ossuary)
  2 jackal zombies (Ossuary)
  12 kobold zombies (Ossuary)
  A leopard gecko zombie (D:8)
  8 orc zombies (Ossuary)
  7 rats
  A rat zombie (Ossuary)
296 creatures vanquished.

Vanquished Creatures (others)
  An orc wizard (D:7)
  A quokka (D:9)
2 creatures vanquished.

Grand Total: 298 creatures vanquished

Notes
Turn   | Place    | Note
-------+----------+-------------------------------------------
     0 | D:1      | galech the Deep Dwarf Fighter began the quest for the Orb.
     0 | D:1      | Reached XP level 1. HP: 20/20 MP: 1/1
    64 | D:1      | Reached XP level 2. HP: 27/27 MP: 2/2
   319 | D:1      | Reached XP level 3. HP: 26/33 MP: 3/3
   364 | D:1      | Reached skill level 3 in Axes
   764 | D:2      | Found an iron altar of Okawaru.
   764 | D:2      | Found a sparkling altar of Nemelex Xobeh.
  1049 | D:2      | Reached XP level 4. HP: 29/42 MP: 4/4
  1504 | D:3      | Reached skill level 4 in Axes
  1504 | D:3      | Reached skill level 1 in Dodging
  1504 | D:3      | Reached XP level 5. HP: 40/49 MP: 5/5
  1764 | D:3      | Found a snail-covered altar of Cheibriados.
  2074 | D:4      | Noticed Agrougrou's ghost (amateur OgGl)
  2094 | D:4      | Killed Agrougrou's ghost
  2094 | D:4      | Reached skill level 5 in Axes
  2094 | D:4      | Reached XP level 6. HP: 37/56 MP: 6/6
  2246 | D:4      | Found a glowing silver altar of Zin.
  2246 | D:4      | Found a runed door.
  2246 | D:4      | Noticed an angel
  2475 | D:4      | Noticed Eustachio
  2525 | D:4      | Killed Eustachio
  2525 | D:4      | Reached skill level 5 in Shields
  2525 | D:4      | Reached XP level 7. HP: 35/62 MP: 7/7
  2802 | D:4      | Found a glowing silver altar of Zin.
  2954 | D:5      | Entered Level 5 of the Dungeon
  2954 | D:5      | Found a radiant altar of Vehumet.
  3057 | D:5      | Reached skill level 1 in Stealth
  3107 | D:5      | Reached skill level 5 in Armour
  3178 | D:5      | Found Mihuv's Distillery.
  3204 | D:5      | Reached skill level 6 in Axes
  3233 | D:5      | Found a sand-covered staircase.
  3240 | Ossuary  | Entered an ossuary
  3285 | Ossuary  | Noticed Britaniac's ghost (amateur GrFi)
  3304 | Ossuary  | Killed Britaniac's ghost
  3304 | Ossuary  | Reached skill level 1 in Evocations
  3304 | Ossuary  | Reached XP level 8. HP: 72/72 MP: 6/6
  3687 | D:5      | Reached skill level 7 in Axes
  3777 | D:5      | Found a burning altar of Makhleb.
  3777 | D:5      | Noticed a cacodemon
  3780 | D:5      | Noticed a smoke demon
  3782 | D:5      | Became a worshipper of Makhleb the Destroyer
  3796 | D:5      | Found a snail-covered altar of Cheibriados.
  4416 | D:6      | Found a staircase to the Ecumenical Temple.
  4533 | D:6      | Found a shadowy altar of Dithmenos.
  4565 | D:6      | Reached skill level 8 in Axes
  4750 | D:7      | Gained mutation: You passively map the area around you. [Deep Dwarf growth]
  4750 | D:7      | Reached XP level 9. HP: 52/79 MP: 7/7
  4760 | D:7      | Reached * piety under Makhleb
  4840 | D:7      | Paralysed by a hornet for 2 turns
  4851 | D:7      | Reached skill level 9 in Axes
  4898 | D:7      | Noticed Lizzreth's ghost (novice GrSk)
  4925 | D:7      | Killed Lizzreth's ghost
  4975 | D:7      | Found Seud's Antique Weapon Shop.
  4996 | D:7      | Found Osorchox's Weapon Shoppe.
  5104 | D:7      | Reached ** piety under Makhleb
  5140 | D:7      | Found Adghoifo's Gadget Boutique.
  5224 | D:7      | Got a spiked scale mail
  5235 | D:7      | Identified the +4 scale mail of the Lute {Str+2} (You found it on level 7 of the Dungeon)
  5243 | D:7      | Found Haarrorch's Antique Weapon Boutique.
  5456 | D:8      | Reached skill level 10 in Axes
  5475 | D:8      | Reached skill level 5 in Fighting
  5481 | D:8      | Reached XP level 10. HP: 84/88 MP: 7/7
  5552 | D:8      | Found a staircase to the Lair.
  5718 | D:8      | Found Naopp's Assorted Antiques.
  5786 | D:8      | Reached *** piety under Makhleb
  5887 | D:8      | Reached skill level 5 in Dodging
  6006 | D:8      | Found a shimmering altar of Xom.
  6290 | D:8      | Found a runed door.
  6311 | D:8      | Noticed a hill giant
  6311 | D:8      | Noticed a centaur warrior
  6327 | D:8      | Killed a hill giant
  6327 | D:8      | Reached skill level 11 in Axes
  6327 | D:8      | Reached skill level 10 in Shields
  6345 | D:8      | Killed a centaur warrior
  6532 | D:9      | Noticed Paps's ghost (novice DsFi)
  6557 | D:9      | Killed Paps's ghost
  6557 | D:9      | Reached XP level 11. HP: 91/97 MP: 8/8
  6606 | D:9      | Noticed Joseph
  6634 | D:9      | Killed Joseph
  6671 | D:9      | Reached skill level 12 in Axes
  6799 | D:9      | Reached **** piety under Makhleb
  6865 | D:9      | Found a blossoming altar of Fedhas.
  6970 | D:9      | Noticed Prince Ribbit
  6973 | D:9      | Noticed Erica
  6985 | D:9      | Killed Prince Ribbit
  7020 | D:9      | Killed Erica
  7045 | D:9      | Found a white marble altar of Elyvilon.
  7121 | D:9      | Found Gozag's Platinum Reserve.
  7131 | D:9      | Found an opulent altar of Gozag.
  7245 | D:9      | Found a blossoming altar of Fedhas.
  7247 | D:9      | Noticed an oklob plant
  7247 | D:9      | Noticed an oklob plant
  7267 | D:9      | Splashed by an oklob plant's acid

Skill      XL: |  1  2  3  4  5  6  7  8  9 10 11 |
---------------+----------------------------------+-----
Axes           | 3 4 5 6 8 10 11 12 | 12.2
Fighting       | 3 4 5 6 |  6.2
Shields        | 4 5 6 8 10 | 10.7
Armour         | 4 5 6 7 |  7.9
Dodging        | 1 2 3 4 5 |  5.6
Stealth        | 1 |  1.8
Evocations     | 1 2 |  2.0

Action                   |  1- 3 |  4- 6 |  7- 9 | 10-12 || total
-------------------------+-------+-------+-------+-------++-------
Melee: War axe           |   127 |   222 |   607 |   578 ||  1534
 Abil: Device Recharging |       |       |     3 |     2 ||     5
Evoke: Wand              |       |     4 |    10 |    13 ||    27
  Use: Potion            |       |     1 |       |       ||     1
       Scroll            |       |     1 |     6 |     2 ||     9
  Eat: Chunk             |     1 |     5 |     9 |     7 ||    22
       Bread ration      |       |       |     1 |       ||     1
Armor: Scale mail        |    88 |   157 |   312 |   206 ||   763
Dodge: Dodged            |    61 |   124 |   281 |   223 ||   689
Block: Shield            |    79 |   172 |   469 |   457 ||  1177
       Reflection        |       |       |     3 |     5 ||     8
